 Dungeon Crawl Stone Soup version 0.21-a0-450-gd87a9b2 (webtiles) character file.

67 KristoblXynda the Slasher (level 4, -1/28 HPs)
             Began as a Kobold Berserker on Nov 18, 2017.
             Was a Believer of Trog.
             Succumbed to an adder's poison
             ... on level 2 of the Dungeon.
             The game lasted 00:03:17 (850 turns).

KristoblXynda the Slasher (Kobold Berserker)         Turns: 850, Time: 00:03:18

Health: -1/28      AC:  2    Str: 14    XL:     4   Next: 40%
Magic:  4/4        EV: 16    Int:  8    God:    Trog [**....]
Gold:   56         SH:  0    Dex: 15    Spells: 3/3 levels left

rFire    . . .     SeeInvis .   a - +0 falchion
rCold    . . .     Gourm    .   (shield restricted)
rNeg     . . .     Faith    .   b - +0 animal skin
rPois    .         Spirit   .   (no helmet)
rElec    .         Reflect  .   (no cloak)
rCorr    .         Harm     .   (no gloves)
MR       .....                  (no boots)
Stlth    +.........             (no amulet)
HPRegen  0.09/turn              (no ring)
MPRegen  0.09/turn              (no ring)

@: lethally poisoned (-1 -> -14), berserk cooldown, slowed, very slow
A: carnivore 3
a: Berserk, Trog's Hand, Burn Spellbooks, Renounce Religion


You were on level 2 of the Dungeon.
You worshipped Trog.
Trog was pleased with you.
You were full.

You visited 1 branch of the dungeon, and saw 2 of its levels.

You collected 56 gold pieces.

Inventory:

Hand Weapons
 a - a +0 falchion (weapon)
 k - a +0 dagger
Armour
 b - a +0 animal skin (worn)
Jewellery
 i - a cursed amulet of regeneration {unknown}
Scrolls
 d - a scroll of fear {unknown}
 e - a scroll of identify {unknown}
 h - 3 scrolls of remove curse {unknown}
 j - a scroll of enchant weapon {unknown}
 l - 2 scrolls of teleportation {unknown}
 o - a scroll of enchant armour {unknown}
Potions
 f - a potion of haste {unknown}
 g - a potion of heal wounds {unknown}
 m - a potion of curing {unknown}
 n - a potion of resistance {unknown}
Comestibles
 c - 3 meat rations


   Skills:
 - Level 3.2 Fighting
 * Level 3.3 Long Blades
 + Level 2.2 Armour
 + Level 3.3 Dodging


You had 3 spell levels left.
You didn't know any spells.

Dungeon Overview and Level Annotations

Branches:
Dungeon (2/15)

Altars:
Dithmenos


Innate Abilities, Weirdness & Mutations

You are small and have problems with some larger weapons.
You are carnivorous and can eat meat at any time.


Message History

* * * LOW HITPOINT WARNING * * *
You feel sick. The adder bites you.
* * * LOW HITPOINT WARNING * * *
You are more poisoned.
The adder poisons you!
You hit the adder.
You kill the adder!
Trog accepts your kill.
* * * LOW HITPOINT WARNING * * *
You feel sick.
* * * LOW HITPOINT WARNING * * *
You feel sick.
You see here an adder corpse.
You feel a strong urge to attack something.
You are no longer berserk.
You are exhausted.
You feel yourself slow down.
* * * LOW HITPOINT WARNING * * *
You feel sick.
You die...

##### ..... #.....
#.....###### ####
...........###..###
#.........##.....##
#.#.......#..@##..##
#.......#..##.)..#
........>.w..#._...#
##.####.###..##....#
#. #.###...##..## #
#..........##
#........###
##.##........#
.....).......###.


You could see a worm.

Vanquished Creatures
  Terence (D:2)
  An adder (D:2)
  3 dart slugs (D:1)
  A leopard gecko (D:1)
  3 bats (D:1)
  2 giant cockroaches (D:1)
  A hobgoblin (D:1)
  2 kobolds (D:1)
  A quokka (D:2)
  A frilled lizard (D:1)
  6 goblins
  4 rats
  A toadstool (D:1)
27 creatures vanquished.

Vanquished Creatures (others)
  3 toadstools (D:1)
3 creatures vanquished.

Grand Total: 30 creatures vanquished

Notes
Turn   | Place    | Note
-------+----------+-------------------------------------------
     0 | D:1      | KristoblXynda the Kobold Berserker began the quest for the Orb.
     0 | D:1      | Reached XP level 1. HP: 14/14 MP: 1/1
    26 | D:1      | Reached XP level 2. HP: 15/19 MP: 2/2
   495 | D:1      | Reached XP level 3. HP: 22/23 MP: 3/3
   760 | D:2      | Noticed Terence
   773 | D:2      | Killed Terence
   773 | D:2      | Reached XP level 4. HP: 26/28 MP: 4/4
   812 | D:2      | Found a shadowy altar of Dithmenos.
   821 | D:2      | Reached ** piety under Trog
   847 | D:2      | HP: 2/42 [poisoned by an adder]
   850 | D:2      | Succumbed to an adder's poison

Vault maps used:
D:1:      ldierk_water_garden
D:2:      nicolae_dithmenos_through_a_glass_darkly, uniq_terence

Skill      XL: |  1  2  3 |
---------------+----------+-----
Long Blades    | 3 |  3.3
Armour         | 2 |  2.2
Dodging        | 3 |  3.3
Fighting       | |  3.2

Action                   |  1- 3 |  4- 6 || total
-------------------------+-------+-------++-------
Melee: Falchion          |    49 |     9 ||    58
       Dagger            |    51 |       ||    51
Invok: Berserk           |     1 |     1 ||     2
 Stab: Sleeping          |     1 |       ||     1
  Eat: Chunk             |     5 |     2 ||     7
Armor: Animal skin       |    16 |     1 ||    17
Dodge: Dodged            |    89 |     6 ||    95
       Rpst.: Falchion   |    20 |     2 ||    22

Table legend:
 A = Spawn XP
 B = Non-spawn XP
 C = Spawn XP percentage of total XP
 D = Spawn monster count
 E = Non-spawn monster count
 F = Spawn count percentage of total count
 G = Total turns spent on level
                    A         B        C        D         E        F      G
               +---------+---------+-------+---------+---------+-------+---------
         Total |       0 |      97 |   0.0 |       0 |      26 |   0.0 |   850
               +---------+---------+-------+---------+---------+-------+---------
           D:1 |       0 |      44 |   0.0 |       0 |      21 |   0.0 |   709
           D:2 |       0 |      53 |   0.0 |       0 |       5 |   0.0 |   141
               +---------+---------+-------+---------+---------+-------+---------
